 Dungeon Crawl Stone Soup version 0.20.0-10-g0535bb4 (webtiles) character file.

330 straycat the Ducker (level 6, 0/48 HPs)
             Began as a Vampire Fighter on June 6, 2017.
             Killed from afar by an orc wizard (6 damage)
             ... with a magic dart
             ... on level 3 of the Dungeon.
             The game lasted 00:11:24 (3380 turns).

straycat the Ducker (Vampire Fighter)               Turns: 3380, Time: 00:11:25

Health: 0/48       AC:  7    Str: 17    XL:     6   Next: 26%
Magic:  6/6        EV: 12    Int: 11    God:
Gold:   108        SH:  0    Dex: 13    Spells: 5/5 levels left

rFire    . . .     SeeInvis +   a - +0 rapier
rCold    . . .     Gourm    .   (no shield)
rNeg     + . .     Faith    .   b - +0 scale mail
rPois    .         Spirit   .   C - +0 helmet
rElec    .         Reflect  .   (no cloak)
rCorr    .         Harm     .   (no gloves)
MR       .....                  (no boots)
Stlth    +.........             (no amulet)
Regen    0.2/turn               (no ring)
MPRegen  0.1/turn               (no ring)

@: no status effects
A: fangs 3, see invisible, unbreathing
a: Bat Form


You were on level 3 of the Dungeon.
You were not thirsty.

You visited 1 branch of the dungeon, and saw 4 of its levels.

You collected 108 gold pieces.

Inventory:

Hand Weapons
 a - a +0 rapier (weapon)
 n - a +4 dagger of draining
 x - a +0 hunting sling
Missiles
 g - 55 poisoned needles
 h - 120 stones (quivered)
 j - 77 bolts
 k - 50 sling bullets
 y - 9 tomahawks
Armour
 b - a +0 scale mail (worn)
 c - a +0 shield
 i - a +2 ring mail of cold resistance
 C - a +0 helmet (worn)
Jewellery
 p - an uncursed ring of ice {unknown}
Wands
 A - a wand of iceblast (9/15)
Scrolls
 f - 3 scrolls of teleportation {unknown}
 q - 3 scrolls of remove curse {unknown}
 r - 3 scrolls of identify {unknown}
 s - 2 scrolls of amnesia {unknown}
 v - a scroll of fear {unknown}
 w - 2 scrolls of noise {unknown}
Potions
 d - a potion of might
 e - 44 potions of blood
 l - 3 potions of curing {unknown}
 m - 2 potions of heal wounds {unknown}
 o - 3 potions of brilliance {unknown}
 t - a potion of degeneration {unknown}
 u - 2 potions of flight {unknown}
 z - 2 potions of lignification {unknown}
 B - 2 potions of invisibility {unknown}


   Skills:
 + Level 4.0 Fighting
 - Level 2.1 Short Blades
 - Level 2.4 Armour
 * Level 4.7 Dodging
 + Level 4.5 Stealth
 - Level 2.6 Shields


You had 5 spell levels left.
You didn't know any spells.

Dungeon Overview and Level Annotations

Branches:
Dungeon (4/15)
 Temple: D:4-7

Altars:
Elyvilon
Gozag
Trog


Innate Abilities, Weirdness & Mutations

You have razor-sharp teeth.
You have supernaturally acute eyesight. (SInv)
You can survive without breathing.


Message History

The magic dart hits you!
* * * LOW HITPOINT WARNING * * *
The hound bites you.
* * * LOW HITPOINT WARNING * * *
The orc wizard gestures wildly while chanting.
The orc wizard blinks!
You closely miss the hound. You bite the hound.
The hound is severely wounded.
The hound misses you. The orc wizard barely misses you.
The hound bites you but does no damage.
You hit the hound. Your bite misses the hound.
The hound is almost dead.
The hound barely misses you. The orc wizard barely misses you.
Unknown command.
You closely miss the hound.
The hound is almost dead.
The hound closely misses you. The orc wizard casts a spell at you.
The magic dart hits you!
You die...

..........[...........#...#......
....................####.##.####.
..........###...............##...
............#.........##....#....
#[..........................#....
###...................#........._
##............_.......#.#...#....
................o...........#....
......).)###....@h<...#.###.##...
.....)..## #................####.
.......## #.....................
...%....# ##..........##.#.......
....%.#[###...........##.........
####..#..##.#........####.#......
#..##)[..##......## #.#......
#..##..####......#####........
#......##.....................


You could see a hound and an orc wizard (invisible).

Vanquished Creatures
  A bullfrog (D:3)
  An orc priest (D:3)
  An orc wizard (D:3)
  Ijyb (D:2)
  Robin (D:3)
  4 adders
  A worm (D:2)
  3 dart slugs
  6 leopard geckos
  13 orcs
  A ball python (D:1)
  7 giant cockroaches
  17 goblins
  11 hobgoblins
  5 jackals (D:3)
  10 bats
  7 frilled lizards
  A jackal skeleton (D:4)
  9 kobolds
  12 rats
112 creatures vanquished.

Notes
Turn   | Place    | Note
-------+----------+-------------------------------------------
     0 | D:1      | straycat the Vampire Fighter began the quest for the Orb.
     0 | D:1      | Reached XP level 1. HP: 17/17 MP: 1/1
    72 | D:1      | Reached skill level 1 in Dodging
    82 | D:1      | Reached XP level 2. HP: 3/24 MP: 2/2
   460 | D:1      | Reached skill level 1 in Stealth
   976 | D:1      | Reached XP level 3. HP: 29/29 MP: 3/3
  1774 | D:2      | Reached XP level 4. HP: 26/35 MP: 4/4
  2340 | D:3      | Found a white marble altar of Elyvilon.
  2341 | D:3      | Noticed Ijyb
  2372 | D:2      | Killed Ijyb
  2372 | D:2      | Reached XP level 5. HP: 15/41 MP: 5/5
  2678 | D:3      | Noticed Robin
  2687 | D:3      | Killed Robin
  2760 | D:3      | Found an opulent altar of Gozag.
  2855 | D:3      | Reached XP level 6. HP: 40/48 MP: 6/6
  2910 | D:3      | Found a bloodstained altar of Trog.
  3380 | D:3      | Killed from afar by an orc wizard

Skill      XL: |  1  2  3  4  5  6 |
---------------+-------------------+-----
Dodging        | 1 2 3 4 |  4.7
Fighting       | 3 4 |  4.0
Stealth        | 1 2 3 4 |  4.5
Short Blades   | |  2.1
Armour         | |  2.4
Shields        | |  2.6

Action                   |  1- 3 |  4- 6 || total
-------------------------+-------+-------++-------
Melee: Rapier            |   159 |   215 ||   374
       Bite              |    20 |    20 ||    40
  Use: Potion            |       |     7 ||     7
 Stab: Sleeping          |       |     3 ||     3
Armor: Scale mail        |    78 |   133 ||   211
Dodge: Dodged            |    86 |   214 ||   300
